cohdb
Replays
Latest Replays
All Replays
Popular Replays
Top Player Replays
Match Explorer
How It Works
Community
CoH3 Stats
Reddit
Sign in to upload your games and track your stats! →
Sign in with Steam
Match 40832920
Unlisted
Match 40832920
Overview
Messages
Build Orders
End
Construct Weapon Support Center
Engineer Squad
M1919 Machine Gun Team
M1919 Machine Gun Team
Infantry Support Center
Mortar Pit
M1919 Machine Gun Team
M3 Armored Personnel Carrier
Construct Motor Pool
.30 cal Machine Gun
M1 Anti-tank Gun Team
Mortar Pit
Advanced Logistics
M3 Armored Personnel Carrier
M3 Armored Personnel Carrier
Selects Armored Battlegroup
Selects Strength in Steel
Selects Seek and Destroy
Selects Veteran Crews
Construct Tank Depot
Selects Strength in Steel
Selects Seek and Destroy
Selects UNKNOWN (2160077)
Selects M31 Recovery Vehicle
M4A3E8 Sherman Easy Eight
Engineer Squad
M1 Anti-tank Gun Team
Selects War Machine
M4A3E8 Sherman Easy Eight
Engineer Squad
M1919 Machine Gun Team
AI Takeover
Cornrow Wallace
WilMax
MonoChrome
Artamoule
Wirt
Dante
✠KREUZZUG✠
[NOMAD] AndrewZ
0
0
Comments
sign in to comment!
No comments posted yet!